Workbook

Sheet Summary
A1: Annual budget: planned vs actual
A2: Fill in the yellow cells: budget items, annual budget and months closed. Monthly actuals go in the "Monthly actuals" sheet. You can delete the example amounts.
A4: Months closed | B4: 9
A6: Item | B6: Type | C6: Annual budget | D6: Budget to date | E6: Actual to date | F6: Variance (€) | G6: Variance (%) | H6: Share of annual budget
A7: Sales | B7: Income | C7: 240000 | D7: =C7*$B$4/12 -> 180000 | E7: =SUMPRODUCT('Monthly actuals'!C7:N7*(COLUMN('Monthly actuals'!C7:N7)-2<=$B$4)) -> 170850 | F7: =E7-D7 -> -9150 | G7: =IFERROR(F7/D7,0) -> -0.050833333 | H7: =IFERROR(E7/C7,0) -> 0.711875
A8: Other income | B8: Income | C8: 6000 | D8: =C8*$B$4/12 -> 4500 | E8: =SUMPRODUCT('Monthly actuals'!C8:N8*(COLUMN('Monthly actuals'!C8:N8)-2<=$B$4)) -> 4460 | F8: =E8-D8 -> -40 | G8: =IFERROR(F8/D8,0) -> -0.0088888889 | H8: =IFERROR(E8/C8,0) -> 0.74333333
A9: Staff | B9: Expense | C9: 120000 | D9: =C9*$B$4/12 -> 90000 | E9: =SUMPRODUCT('Monthly actuals'!C9:N9*(COLUMN('Monthly actuals'!C9:N9)-2<=$B$4)) -> 88760 | F9: =E9-D9 -> -1240 | G9: =IFERROR(F9/D9,0) -> -0.013777778 | H9: =IFERROR(E9/C9,0) -> 0.73966667
A10: Rent | B10: Expense | C10: 24000 | D10: =C10*$B$4/12 -> 18000 | E10: =SUMPRODUCT('Monthly actuals'!C10:N10*(COLUMN('Monthly actuals'!C10:N10)-2<=$B$4)) -> 17590 | F10: =E10-D10 -> -410 | G10: =IFERROR(F10/D10,0) -> -0.022777778 | H10: =IFERROR(E10/C10,0) -> 0.73291667
A11: Utilities | B11: Expense | C11: 4800 | D11: =C11*$B$4/12 -> 3600 | E11: =SUMPRODUCT('Monthly actuals'!C11:N11*(COLUMN('Monthly actuals'!C11:N11)-2<=$B$4)) -> 3650 | F11: =E11-D11 -> 50 | G11: =IFERROR(F11/D11,0) -> 0.013888889 | H11: =IFERROR(E11/C11,0) -> 0.76041667
A12: Marketing | B12: Expense | C12: 12000 | D12: =C12*$B$4/12 -> 9000 | E12: =SUMPRODUCT('Monthly actuals'!C12:N12*(COLUMN('Monthly actuals'!C12:N12)-2<=$B$4)) -> 9390 | F12: =E12-D12 -> 390 | G12: =IFERROR(F12/D12,0) -> 0.043333333 | H12: =IFERROR(E12/C12,0) -> 0.7825
A13: Training | B13: Expense | C13: 3600 | D13: =C13*$B$4/12 -> 2700 | E13: =SUMPRODUCT('Monthly actuals'!C13:N13*(COLUMN('Monthly actuals'!C13:N13)-2<=$B$4)) -> 2740 | F13: =E13-D13 -> 40 | G13: =IFERROR(F13/D13,0) -> 0.014814815 | H13: =IFERROR(E13/C13,0) -> 0.76111111
A14: Software and subscriptions | B14: Expense | C14: 4200 | D14: =C14*$B$4/12 -> 3150 | E14: =SUMPRODUCT('Monthly actuals'!C14:N14*(COLUMN('Monthly actuals'!C14:N14)-2<=$B$4)) -> 3280 | F14: =E14-D14 -> 130 | G14: =IFERROR(F14/D14,0) -> 0.041269841 | H14: =IFERROR(E14/C14,0) -> 0.78095238
A15: Accounting and advisory | B15: Expense | C15: 3000 | D15: =C15*$B$4/12 -> 2250 | E15: =SUMPRODUCT('Monthly actuals'!C15:N15*(COLUMN('Monthly actuals'!C15:N15)-2<=$B$4)) -> 2280 | F15: =E15-D15 -> 30 | G15: =IFERROR(F15/D15,0) -> 0.013333333 | H15: =IFERROR(E15/C15,0) -> 0.76
A16: Other expenses | B16: Expense | C16: 6000 | D16: =C16*$B$4/12 -> 4500 | E16: =SUMPRODUCT('Monthly actuals'!C16:N16*(COLUMN('Monthly actuals'!C16:N16)-2<=$B$4)) -> 4340 | F16: =E16-D16 -> -160 | G16: =IFERROR(F16/D16,0) -> -0.035555556 | H16: =IFERROR(E16/C16,0) -> 0.72333333
A18: Total income | C18: =SUMIF($B$7:$B$16,"Income",C$7:C$16) -> 246000 | D18: =SUMIF($B$7:$B$16,"Income",D$7:D$16) -> 184500 | E18: =SUMIF($B$7:$B$16,"Income",E$7:E$16) -> 175310 | F18: =SUMIF($B$7:$B$16,"Income",F$7:F$16) -> -9190
A19: Total expenses | C19: =SUMIF($B$7:$B$16,"Expense",C$7:C$16) -> 177600 | D19: =SUMIF($B$7:$B$16,"Expense",D$7:D$16) -> 133200 | E19: =SUMIF($B$7:$B$16,"Expense",E$7:E$16) -> 132030 | F19: =SUMIF($B$7:$B$16,"Expense",F$7:F$16) -> -1170
A20: Result | C20: =C18-C19 -> 68400 | D20: =D18-D19 -> 51300 | E20: =E18-E19 -> 43280 | F20: =F18-F19 -> -8020
A22: In red: an expense above budget or income below budget. "Budget to date" spreads the year evenly across the months.
A24: Free template by Academy Perfect · Excel courses for companies in Barcelona · academyperfect.com

Sheet Monthly actuals
A1: Annual budget: planned vs actual · Monthly actuals
A2: Fill in the yellow cells: budget items, annual budget and months closed. Monthly actuals go in the "Monthly actuals" sheet. You can delete the example amounts.
A6: Item | B6: Type | C6: Jan | D6: Feb | E6: Mar | F6: Apr | G6: May | H6: Jun | I6: Jul | J6: Aug | K6: Sep | L6: Oct | M6: Nov | N6: Dec | O6: Total
A7: =Summary!A7 -> Sales | B7: =Summary!B7 -> Income | C7: 19140 | D7: 18000 | E7: 21300 | F7: 17480 | G7: 20540 | H7: 19410 | I7: 17380 | J7: 20350 | K7: 17250 | O7: =SUM(C7:N7) -> 170850
A8: =Summary!A8 -> Other income | B8: =Summary!B8 -> Income | C8: 500 | D8: 440 | E8: 440 | F8: 500 | G8: 560 | H8: 450 | I8: 460 | J8: 530 | K8: 580 | O8: =SUM(C8:N8) -> 4460
A9: =Summary!A9 -> Staff | B9: =Summary!B9 -> Expense | C9: 10400 | D9: 9810 | E9: 11720 | F9: 8650 | G9: 11330 | H9: 9460 | I9: 8980 | J9: 8890 | K9: 9520 | O9: =SUM(C9:N9) -> 88760
A10: =Summary!A10 -> Rent | B10: =Summary!B10 -> Expense | C10: 2240 | D10: 1820 | E10: 2080 | F10: 2120 | G10: 1950 | H10: 2060 | I10: 1740 | J10: 1740 | K10: 1840 | O10: =SUM(C10:N10) -> 17590
A11: =Summary!A11 -> Utilities | B11: =Summary!B11 -> Expense | C11: 430 | D11: 400 | E11: 380 | F11: 420 | G11: 400 | H11: 380 | I11: 440 | J11: 430 | K11: 370 | O11: =SUM(C11:N11) -> 3650
A12: =Summary!A12 -> Marketing | B12: =Summary!B12 -> Expense | C12: 1040 | D12: 1020 | E12: 1140 | F12: 1090 | G12: 950 | H12: 1170 | I12: 890 | J12: 990 | K12: 1100 | O12: =SUM(C12:N12) -> 9390
A13: =Summary!A13 -> Training | B13: =Summary!B13 -> Expense | C13: 270 | D13: 300 | E13: 260 | F13: 320 | G13: 330 | H13: 310 | I13: 340 | J13: 290 | K13: 320 | O13: =SUM(C13:N13) -> 2740
A14: =Summary!A14 -> Software and subscriptions | B14: =Summary!B14 -> Expense | C14: 370 | D14: 360 | E14: 350 | F14: 390 | G14: 410 | H14: 350 | I14: 370 | J14: 300 | K14: 380 | O14: =SUM(C14:N14) -> 3280
A15: =Summary!A15 -> Accounting and advisory | B15: =Summary!B15 -> Expense | C15: 270 | D15: 290 | E15: 280 | F15: 240 | G15: 240 | H15: 270 | I15: 210 | J15: 250 | K15: 230 | O15: =SUM(C15:N15) -> 2280
A16: =Summary!A16 -> Other expenses | B16: =Summary!B16 -> Expense | C16: 440 | D16: 430 | E16: 550 | F16: 450 | G16: 470 | H16: 490 | I16: 570 | J16: 440 | K16: 500 | O16: =SUM(C16:N16) -> 4340
A19: Free template by Academy Perfect · Excel courses for companies in Barcelona · academyperfect.com
